 Dungeon Crawl Stone Soup version 0.22.1-2-g9c5b331383 (webtiles) character file.

24895 Knicklaso the Grappler (level 12, -9/106 (107) HPs)
             Began as a Pale Draconian Transmuter on Dec 11, 2018.
             Was a High Priest of Wu Jian.
             Mangled by a blink frog (14 damage)
             ... on level 4 of the Lair of Beasts.
             The game lasted 00:41:26 (19842 turns).

Knicklaso the Grappler (Pale Draconian Transmuter) Turns: 19842, Time: 00:41:26

HP:   -9/106 (107)  AC: 15    Str: 13    XL:     12   Next: 84%
MP:   12/16         EV: 17    Int: 18    God:    Wu Jian [*****.]
Gold: 649           SH:  3    Dex: 12    Spells: 5/17 levels left

rFire    . . .     SeeInvis .     - Unarmed
rCold    . . .     Gourm    .   (shield currently unavailable)
rNeg     . . .     Faith    .   (armour unavailable)
rPois    .         Spirit   .   f - +2 hat
rElec    .         Reflect  +   r - +1 cloak
rCorr    .         Harm     .   (gloves currently unavailable)
MR       .....                  (no boots)
Stlth    +.........             j - +3 amulet of reflection
HPRegen  0.27/turn              Q - ring of wizardry
MPRegen  0.15/turn              q - +3 ring of protection

@: blade hands, flying
A: breathe steam, unfitting armour, cold-blooded, AC +8
a: Breathe Steam, End Transformation, Wall Jump, Serpent's Lash, Heavenly Storm,
Renounce Religion


You were on level 4 of the Lair of Beasts.
You worshipped Wu Jian.
Wu Jian was extremely pleased with you.
You were not hungry.
You had blades for hands.
You visited 2 branches of the dungeon, and saw 14 of its levels.

You collected 900 gold pieces.
You spent 251 gold pieces at shops.

Inventory:

Hand Weapons
 b - a +0 blowgun
Missiles
 a - 152 arrows
 i - 300 stones (quivered)
 s - 42 poisoned needles
Armour
 f - a +2 hat (worn)
 l - a +2 pair of gloves (melded)
 r - a +1 cloak (worn)
 F - a scarf of resistance
Jewellery
 j - a +3 amulet of reflection (around neck)
 q - a +3 ring of protection (right scythe-like blade)
 G - an uncursed ring of protection from cold
 P - an uncursed ring of poison resistance {unknown}
 Q - a ring of wizardry (left scythe-like blade)
Wands
 u - a wand of paralysis (15)
 x - a wand of random effects (49)
 H - a wand of iceblast (11)
 I - a wand of clouds (2)
 K - a wand of scattershot (5)
 M - a wand of digging (28)
 R - a wand of enslavement (8)
 W - a wand of disintegration (4)
 X - a wand of polymorph (13)
Scrolls
 d - 4 scrolls of enchant weapon {unknown}
 e - 3 scrolls of magic mapping {unknown}
 g - 13 scrolls of identify {unknown}
 k - 6 scrolls of teleportation {unknown}
 m - 11 scrolls of remove curse {unknown}
 t - a scroll of enchant armour {unknown}
 v - 3 scrolls of noise {unknown}
 w - 5 scrolls of blinking {unknown}
 y - 4 scrolls of fog {unknown}
 A - 3 scrolls of amnesia {unknown}
 D - 2 scrolls of immolation {unknown}
 O - a scroll of torment {unknown}
 S - a scroll of brand weapon {unknown}
 T - a scroll of fear {unknown}
 V - a scroll of holy word {unknown}
Potions
 h - 2 potions of might {unknown}
 n - 2 potions of agility {unknown}
 o - 3 potions of degeneration {unknown}
 p - 4 potions of heal wounds {unknown}
 z - 5 potions of flight
 B - 3 potions of curing {unknown}
 C - a potion of lignification {unknown}
 E - 2 potions of berserk rage {unknown}
 J - a potion of brilliance {unknown}
 L - 2 potions of haste {unknown}
 N - 3 potions of mutation
Miscellaneous
 U - a lightning rod (4/4)
Comestibles
 c - 16 rations
 Y - 20 chunks of flesh


   Skills:
 + Level 10.4 Fighting
 + Level 8.9 Dodging
 * Level 13.3 Unarmed Combat
 - Level 3.0 Spellcasting
 - Level 9.1 Transmutations
 - Level 5.5 Ice Magic
 - Level 3.0 Evocations


You had 5 spell levels left.
You knew the following spells:

 Your Spells              Type           Power        Failure   Level  Hunger
a - Beastly Appendage     Tmut           #####.       4%          1    None
b - Sticks to Snakes      Tmut           #####...     4%          2    ##.....
c - Ice Form              Ice/Tmut       ####....     17%         4    ####...
d - Blade Hands           Tmut           #####.....   21%         5    ######.

Your spell library contained the following spells:

 Spells                   Type           Power        Failure   Level  Hunger
 Ensorcelled Hibernation  Hex/Ice        ##....       17%         2    ##.....
 Spider Form              Tmut/Pois      ###.......   17%         3    ###....
 Corona                   Hex            #......      26%         1    None
 Flame Tongue             Conj/Fire      #....        26%         1    None
 Infusion                 Chrm           #...         26%         1    None
 Magic Dart               Conj           #...         26%         1    None
 Shock                    Conj/Air       #...         26%         1    None
 Blink                    Tloc           N/A          34%         2    ##.....
 Call Imp                 Summ           #.......     34%         2    ##.....
 Shroud of Golubria       Chrm/Tloc      #.........   34%         2    ##.....
 Slow                     Hex            #.......     34%         2    ##.....
 Song of Slaying          Chrm           #.......     34%         2    ##.....
 Swiftness                Chrm/Air       #.......     34%         2    ##.....
 Throw Flame              Conj/Fire      #.....       34%         2    ##.....
 Confuse                  Hex            #.......     50%         3    ###....
 Conjure Flame            Conj/Fire      #.......     50%         3    ###....
 Dazzling Spray           Conj/Hex       #.....       50%         3    ###....
 Inner Flame              Hex/Fire       #.......     50%         3    ###....
 Mephitic Cloud           Conj/Pois/Air  #.......     50%         3    ###....
 Regeneration             Chrm/Necr      #.........   50%         3    ###....
 Spectral Weapon          Hex/Chrm       #.......     50%         3    ###....
 Static Discharge         Conj/Air       #.......     50%         3    ###....
 Tukima's Dance           Hex            #.......     50%         3    ###....
 Airstrike                Air            #.........   82%         4    ####...
 Sticky Flame             Conj/Fire      #.......     82%         4    ####...
 Fireball                 Conj/Fire      #.........   97%         5    ######.
 Lightning Bolt           Conj/Air       #.........   97%         5    ######.


Dungeon Overview and Level Annotations

Branches:
Dungeon (10/15)            Temple (0/1) D:6            Lair (4/6) D:9
  Swamp (0/4) Lair:2       Spider (0/4) Lair:2          Orc (0/2) D:10

Altars:
Ashenzari
Cheibriados
Gozag
Qazlal
Ru
Wu Jian
Xom
Zin
Beogh

Shops:
D:5 *   D:6 [

Annotations:
D:8 3 runed doors


Innate Abilities, Weirdness & Mutations

You can breathe blasts of scalding, opaque steam.
Your pale cyan-grey scales are hard. (AC +8)
You cannot fit into any form of body armour.
You are cold-blooded and may be slowed by cold attacks.


Message History

* * * LOW HITPOINT WARNING * * *
The blink frog misses you. The blink frog hits you!
* * * LOW HITPOINT WARNING * * *
The blink frog closely misses you.
There is a stone staircase leading up, spattered with blood here.
You spin and attack the blink frog repeatedly.
You miss the blink frog. You slash the blink frog!
The blink frog is heavily wounded.
The blink frog hits you!
* * * LOW HITPOINT WARNING * * *
It was a potion of flight.
You feel very buoyant.
You fly up into the air.
The blink frog misses you.
The blink frog hits you but does no damage.
The blink frog misses you.
You spin and attack the blink frog.
You slash the blink frog!
Your tail-slap misses the blink frog.
The blink frog is heavily wounded.
The blink frog hits you!
You die...

.............. .#
............. ..#
####P......)....
#.##...............
#.#...#..#........
#...##..#.....P...
##.................
#........†.÷.......
##....@...†...(....
#.....FF†........[.
#........#.P...#.)..
##........##P.......
#...............###.
###.#..........#.#
#####........##.#
.....##..# .#
#####.# ##. .


You could see 2 blink frogs.

Vanquished Creatures
  2 hydras
  3 two-headed ogres
  Pikel (D:4)
  An orb spider (Lair:2)
  4 black mambas
  4 elephants (Lair:4)
  7 spiny frogs
  4 komodo dragons
  The ghost of Elsvaer the Thaumaturge, a novice DEWz of Vehumet (D:7)
  3 polar bears
  A hornet (D:10)
  3 blink frogs (Lair:4)
  6 hippogriffs
  27 yaks
  A hungry ghost (D:9)
  2 basilisks
  3 wyverns
  2 vampire mosquitoes (D:8)
  6 water moccasins
  A porcupine (Lair:2)
  2 ice beasts
  A slave (D:4)
  3 sky beasts
  8 orc warriors
  A necrophage (D:9)
  4 phantoms
  8 wolves
  6 ogres
  3 centaurs (D:10)
  10 crocodiles
  A big kobold (D:9)
  10 bullfrogs
  4 scorpions
  4 killer bees (D:9)
  7 howler monkeys
  5 crimson imps
  A bullfrog zombie (D:10)
  13 orc priests
  7 hounds
  A jelly (D:9)
  Crazy Yiuf (D:6)
  A gnoll shaman (D:6)
  4 bullfrog skeletons
  4 orc wizards
  A centaur skeleton (D:10)
  9 worker ants
  4 iguanas
  A killer bee zombie (D:8)
  A hound zombie (D:8)
  A hound skeleton (D:8)
  A worker ant zombie (D:9)
  4 gnolls
  A howler monkey skeleton (D:5)
  11 adders
  3 shadow imps
  3 oozes
  An adder skeleton (D:9)
  2 adder zombies
  8 dart slugs
  3 worms
  5 leopard geckos
  47 orcs
  8 giant cockroaches
  11 goblins
  10 hobgoblins
  22 jackals
  15 kobolds
  A quokka (D:5)
  3 ball pythons
  9 bats
  4 frilled lizards
  A jackal skeleton (D:7)
  A quokka skeleton (D:5)
  A quokka zombie (D:9)
  12 rats
395 creatures vanquished.

Vanquished Creatures (collateral kills)
  An ogre (D:4)
  A bullfrog (D:7)
  A jelly (D:7)
3 creatures vanquished.

Vanquished Creatures (others)
  4 fungi
4 creatures vanquished.

Grand Total: 402 creatures vanquished

Notes
Turn   | Place    | Note
-------+----------+-------------------------------------------
     0 | D:1      | Knicklaso the Draconian Transmuter began the quest for the
                  | Orb.
     0 | D:1      | Reached XP level 1. HP: 16/16 MP: 3/3
   249 | D:1      | Reached XP level 2. HP: 23/23 MP: 5/5
   627 | D:1      | Reached XP level 3. HP: 26/29 MP: 6/6
  1113 | D:2      | Found a shattered altar of Ashenzari.
  1201 | D:2      | Reached skill level 4 in Unarmed Combat
  1415 | D:2      | Reached XP level 4. HP: 30/36 MP: 7/7
  1875 | D:2      | Reached XP level 5. HP: 38/44 MP: 8/8
  2134 | D:2      | Learned a level 2 spell: Sticks to Snakes
  2705 | D:3      | Reached skill level 5 in Unarmed Combat
  3170 | D:4      | Reached XP level 6. HP: 36/51 MP: 9/9
  3345 | D:4      | Noticed a slave
  3388 | D:4      | Killed a slave
  3487 | D:4      | Noticed an ice beast
  3501 | D:4      | Killed an ice beast
  3634 | D:4      | Found a shimmering altar of Xom.
  3812 | D:4      | Reached skill level 6 in Unarmed Combat
  3836 | D:4      | Noticed Pikel
  3836 | D:4      | Noticed a slave
  3836 | D:4      | Noticed a slave
  3837 | D:4      | Noticed a slave
  3889 | D:4      | Killed Pikel
  3889 | D:4      | Your scales start taking on a pale cyan-grey colour.
  3889 | D:4      | Reached XP level 7. HP: 36/60 MP: 5/10
  3896 | D:4      | Reached skill level 7 in Unarmed Combat
  4217 | D:4      | Found an ornate altar of the Wu Jian Council.
  4244 | D:4      | Reached skill level 5 in Fighting
  4264 | D:4      | Became a worshipper of the Wu Jian Council
  4642 | D:5      | Entered Level 5 of the Dungeon
  4664 | D:5      | Reached XP level 8. HP: 64/68 MP: 11/11
  5333 | D:5      | Found Putyupau's Assorted Antiques.
  5344 | D:5      | Bought a twisted silver wand for 68 gold pieces
  5344 | D:5      | Bought a sharpened bronze wand for 68 gold pieces
  5344 | D:5      | Bought a scroll labeled ARPHAS VUUTREA for 17 gold pieces
  5344 | D:5      | Bought a scroll labeled VUUTUO TADI for 17 gold pieces
  5344 | D:5      | Bought an amethyst potion for 15 gold pieces
  5344 | D:5      | Bought 2 scrolls labeled TONICAAJIH for 34 gold pieces
  5344 | D:5      | Bought a scroll labeled FEOSIN YLUDGH for 17 gold pieces
  5344 | D:5      | Bought an orange potion for 15 gold pieces
  5390 | D:6      | Found Hemnyimoydo's Armour Shoppe.
  5732 | D:6      | Found a staircase to the Ecumenical Temple.
  5756 | D:6      | Reached skill level 5 in Dodging
  5756 | D:6      | Reached skill level 8 in Unarmed Combat
  5761 | D:6      | Reached * piety under Wu Jian
  5789 | D:6      | Found a snail-covered altar of Cheibriados.
  5789 | D:6      | Found a sacrificial altar of Ru.
  5974 | D:6      | Found a runed door.
  5978 | D:6      | Noticed Crazy Yiuf
  5990 | D:6      | Killed Crazy Yiuf
  6248 | D:7      | Found a runed gate.
  6249 | D:7      | Found a runed gate.
  6249 | D:7      | Found a runed gate.
  6280 | D:7      | Noticed a hippogriff
  6287 | D:7      | Killed a hippogriff
  6649 | D:7      | Noticed a hippogriff
  6659 | D:7      | Killed a hippogriff
  6659 | D:7      | Reached skill level 9 in Unarmed Combat
  6659 | D:7      | Reached XP level 9. HP: 67/78 MP: 12/12
  7152 | D:7      | Found an opulent altar of Gozag.
  7152 | D:7      | Noticed Elsvaer's ghost (novice DEWz)
  7205 | D:7      | Killed Elsvaer's ghost
  7205 | D:7      | Reached ** piety under Wu Jian
  7304 | D:8      | Reached skill level 10 in Unarmed Combat
  7485 | D:8      | Reached skill level 1 in Evocations
  8134 | D:8      | Reached XP level 10. HP: 86/88 MP: 13/13
  8293 | D:8      | Found a runed gate.
  8294 | D:8      | Noticed a red ugly thing
  8295 | D:8      | Found a runed gate.
  8295 | D:8      | Noticed a brown ugly thing
  8296 | D:8      | Found a runed gate.
  8296 | D:8      | Noticed a purple ugly thing
  8297 | D:8      | Noticed a purple ugly thing
  8297 | D:8      | Noticed a red ugly thing
  8298 | D:8      | Noticed a purple very ugly thing
  8880 | D:9      | Reached *** piety under Wu Jian
  9018 | D:9      | Found a glowing silver altar of Zin.
  9127 | D:9      | Learned a level 4 spell: Ice Form
  9400 | D:9      | Reached skill level 1 in Ice Magic
  9454 | D:9      | Noticed a two-headed ogre
  9659 | D:9      | Found a staircase to the Lair.
  9963 | D:9      | Killed a two-headed ogre
  9963 | D:9      | Reached skill level 5 in Transmutations
 10095 | D:9      | Noticed a two-headed ogre
 10103 | D:9      | Killed a two-headed ogre
 10103 | D:9      | Reached **** piety under Wu Jian
 10741 | D:10     | Entered Level 10 of the Dungeon
 11182 | D:9      | Reached XP level 11. HP: 70/93 MP: 15/15
 11821 | D:10     | Paralysed by a hornet for 2 turns
 12326 | D:10     | Reached skill level 5 in Ice Magic
 12564 | D:10     | Found a roughly hewn altar of Beogh.
 12564 | D:10     | Found a staircase to the Orcish Mines.
 12564 | D:10     | Noticed a two-headed ogre
 13057 | D:10     | Killed a two-headed ogre
 13786 | Lair:1   | Entered Level 1 of the Lair of Beasts
 13810 | D:9      | Reached skill level 11 in Unarmed Combat
 13823 | D:9      | HP: 5/111 [poisoned by a black mamba]
 13828 | D:9      | HP: 5/111 [poisoned by a black mamba]
 13835 | D:9      | HP: 4/93 [poisoned by a black mamba]
 13843 | D:9      | HP: 4/93 [poisoned by a black mamba]
 14718 | Lair:1   | Reached ***** piety under Wu Jian
 15307 | Lair:1   | Reached XP level 12. HP: 103/103 MP: 11/16
 15965 | Lair:2   | Reached skill level 12 in Unarmed Combat
 16337 | Lair:2   | Noticed a five-headed hydra
 16619 | Lair:2   | Found a staircase to the Swamp.
 17418 | Lair:2   | Found a hole to the Spider Nest.
 17937 | Lair:3   | Found a stormy altar of Qazlal.
 17940 | Lair:3   | Noticed a six-headed hydra
 17967 | Lair:3   | Killed a six-headed hydra
 19169 | Lair:3   | Reached skill level 10 in Fighting
 19708 | Lair:3   | Learned a level 5 spell: Blade Hands
 19719 | Lair:4   | Reached skill level 13 in Unarmed Combat
 19736 | Lair:4   | Noticed a six-headed hydra
 19750 | Lair:4   | Killed a six-headed hydra
 19840 | Lair:4   | HP: 4/106 [blink frog (11)]
 19842 | Lair:4   | Mangled by a blink frog

Skill      XL: |  1  2  3  4  5  6  7  8  9 10 11 12 |
---------------+-------------------------------------+-----
Dodging        | 2 3 4 5 6 7 8 |  8.9
Fighting       | 2 3 4 5 6 7 8 9 10 | 10.4
Unarmed Combat | 4 5 6 7 9 10 11 13 | 13.3
Evocations     | 1 3 |  3.0
Transmutations | 3 7 9 |  9.1
Spellcasting   | 3 |  3.0
Ice Magic      | 3 5 |  5.5

Action                   |  1- 3 |  4- 6 |  7- 9 | 10-12 || total
-------------------------+-------+-------+-------+-------++-------
Melee: Unarmed           |   128 |   344 |   488 |  1093 ||  2053
       Tailslap          |     9 |    45 |    55 |   121 ||   230
       Headbutt          |     4 |    12 |     8 |    16 ||    40
       Punch             |       |     3 |    16 |    52 ||    71
       Kick              |       |     5 |     5 |    17 ||    27
Throw: Stone             |       |       |     5 |     2 ||     7
 Cast: Beastly Appendage |     5 |     8 |     6 |    10 ||    29
       Sticks to Snakes  |       |     3 |    12 |     3 ||    18
       Ice Form          |       |       |       |    11 ||    11
       Blade Hands       |       |       |       |     2 ||     2
Invok: Lunge             |       |       |    33 |   101 ||   134
       Whirlwind         |       |       |     1 |   118 ||   119
       Wall Jump         |       |       |       |    12 ||    12
  Use: Potion            |       |       |       |     1 ||     1
 Stab: Sleeping          |     1 |     2 |     4 |     1 ||     8
       Distracted        |       |     1 |       |       ||     1
  Eat: Chunk             |     1 |     9 |    16 |    22 ||    48
       Ration            |       |       |       |     6 ||     6
Armor: Skin              |    36 |   131 |   146 |   311 ||   624
Dodge: Dodged            |    59 |   262 |   256 |   598 ||  1175
Block: Other             |       |       |    29 |   107 ||   136
